 Dungeon Crawl Stone Soup version 0.18-a0-739-gdae9da8 (webtiles) character file.

158 M4edhros the Sneak (level 5, 0/33 HPs)
             Began as an Octopode Artificer on Dec 10, 2015.
             Succumbed to an adder's poison
             ... on level 4 of the Dungeon.
             The game lasted 00:01:40 (837 turns).

M4edhros the Sneak (Octopode Artificer)              Turns: 837, Time: 00:01:41

Health: 0/33       AC:  1    Str: 10    XL:     5   Next: 40%
Magic:  8/8        EV: 17    Int: 16    God:    Xom [......]
Gold:   51         SH:  0    Dex: 17    Spells: 0 memorised, 4 levels left

rFire  . . .     SeeInvis .     o - +2 dagger (chaos)
rCold  . . .     Clarity  .     (no shield)
rNeg   . . .     SustAt   .     (helmet restricted)
rPois  .         Gourm    .     (no amulet)
rElec  .         Spirit   .     (no ring)
rCorr  .         Dismiss  .     (no ring)
rMut   .         Stasis   .     (no ring)
MR     .....                    (no ring)
Stlth  +++++.....               (no ring)
                                (no ring)
                                (no ring)
                                (no ring)

@: agile, lethally poisoned (0 -> -8), flying, drained, not resistant to hostile
enchantments, quite stealthy
A: almost no armour, amphibious, 8 rings, constrict 8, camouflage 1, gelatinous
body 1
a: Renounce Religion


You were on level 4 of the Dungeon.
You worshipped Xom.
You were a very special plaything of Xom.
You were not hungry.

You visited 1 branch of the dungeon, and saw 4 of its levels.

You collected 51 gold pieces.

Inventory:

Hand Weapons
 a - a +0 short sword
 n - a +0 hunting sling
 o - a +2 dagger of chaos (weapon)
Wands
 b - a wand of flame (15)
 c - a wand of enslavement (15)
 d - a wand of random effects (14)
Scrolls
 f - a scroll of teleportation {unknown}
 g - a scroll of magic mapping {unknown}
 k - a scroll of recharging {unknown}
Potions
 l - a potion of haste {unknown}
 m - a potion of might {unknown}
Comestibles
 e - a bread ration
 j - a meat ration


   Skills:
 - Level 1.0(0.9) Fighting
 - Level 1.0(0.9) Short Blades
 - Level 2.0(1.9) Dodging
 + Level 5.3 Stealth
 + Level 5.0(4.9) Evocations


You had 4 spell levels left.
You didn't know any spells.

Dungeon Overview and Level Annotations

Branches:
Dungeon (4/15)
 Temple: D:4-7

Altars:
Xom


Innate Abilities, Weirdness & Mutations

You cannot wear most types of armour.
You are amphibious.
You can wear up to eight rings at the same time.
You can use your tentacles to constrict eight enemies at once.
Your skin changes colour to match your surroundings (Stealth).
Your rubbery body absorbs attacks (AC +1).


Message History

* * * LOW HITPOINT WARNING * * *
You are poisoned.
The adder poisons you!
Drink which item? (? for menu, Esc to quit)
Okay, then.
* * * LOW HITPOINT WARNING * * *
You feel sick.
Drink which item? (? for menu, Esc to quit)
It was a potion of agility.
You feel agile all of a sudden. The adder bites you.
* * * LOW HITPOINT WARNING * * *
You are more poisoned.
The adder poisons you! The adder closely misses you.
Drink which item? (? for menu, Esc to quit)
It was a potion of flight.
You feel very buoyant.
You fly up into the air.
You die...
Xom bursts into laughter!

...## ## .....###.
...#...l. .........
........#
........##############
........3^............
.....$.@4.............
.......S..............
......................
........######........
........# #........
........# #........
....##### #........
#### #<.......
#........


You could see an ice devil, a chaos spawn, an adder and a giant newt (sleeping).

Vanquished Creatures
  4 crimson imps (D:3)
  A giant gecko (D:1)
  An orc (D:3)
  A bat (D:3)
  3 hobgoblins
  A kobold (D:3)
  A giant newt (D:2)
  3 jackals
  3 rats
18 creatures vanquished.

Notes
Turn   | Place    | Note
--------------------------------------------------------------
     0 | D:1      | M4edhros the Octopode Artificer began the quest for the Orb.
     0 | D:1      | Reached XP level 1. HP: 13/13 MP: 3/3
   231 | D:2      | Reached XP level 2. HP: 18/18 MP: 4/4
   320 | D:3      | Found a shimmering altar of Xom.
   328 | D:3      | Reached skill level 4 in Evocations
   328 | D:3      | Reached XP level 3. HP: 19/23 MP: 4/6
   330 | D:3      | Became a worshipper of Xom of Chaos
   337 | D:3      | XOM: divination: detect creatures
   444 | D:3      | XOM: potion effect (berserk rage)
   445 | D:3      | Reached XP level 4. HP: 28/28 MP: 7/7
   449 | D:3      | XOM: summons 1 hostile demon
   451 | D:3      | Reached XP level 5. HP: 33/33 MP: 8/8
   520 | D:3      | XOM: mild Hex miscast
   524 | D:3      | XOM: butterfly on damage
   529 | D:3      | Reached skill level 5 in Stealth
   529 | D:3      | Reached skill level 5 in Evocations
   679 | D:3      | XOM: harmless Hex miscast
   831 | D:4      | XOM: summons 2 hostile demons
   832 | D:4      | Noticed a chaos spawn
   832 | D:4      | Noticed an ice devil
   836 | D:4      | HP: 1/33 [adder (4)]
   837 | D:4      | Succumbed to an adder's poison

Vault maps used:
D:1:      dpeg_arrival_simpleton_b, nemelex_deck
D:2:      grunt_ministairs_13
D:3:      hangedman_decor_diamond_cutter, led_xom_imps
D:4:      first_bread

Action                   |  1- 3 |  4- 6 || total
-------------------------+-------+-------++-------
Melee: Short sword       |    28 |    15 ||    43
       Dagger            |       |     6 ||     6
Evoke: Wand              |       |     1 ||     1
  Use: Potion            |       |     2 ||     2
 Stab: Sleeping          |     6 |     2 ||     8
